 Dungeon Crawl Stone Soup version 0.18.1-48-g4cf74bf (webtiles) character file.

12791 nikopol the Cleaver (level 11, -7/101 HPs)
             Began as a Hill Orc Berserker on Aug 1, 2016.
             Was a High Priest of Trog.
             Mangled by a blink frog (10 damage)
             ... on level 1 of the Lair of Beasts on Aug 2, 2016.
             The game lasted 00:39:25 (13086 turns).

nikopol the Cleaver (Hill Orc Berserker)           Turns: 13086, Time: 00:39:26

Health: -7/101     AC: 20    Str: 22    XL:     11   Next: 98%
Magic:  3/3        EV: 11    Int:  7    God:    Trog [*****.]
Gold:   626        SH:  0    Dex: 12    Spells: 0 memorised, 10 levels left

rFire  . . .     SeeInvis .     a - +1 battleaxe (antimagic)
rCold  . . .     Gourm    .     u - +2 chain mail {rPois}
rNeg   . . .     Faith    .     (shield currently unavailable)
rPois  +         Spirit   .     D - +2 hat
rElec  .         Dismiss  .     s - +2 cloak
rCorr  .         Reflect  .     E - +0 pair of gloves
SustAt .         Harm     .     (no boots)
MR     ++++.                    (no amulet)
Stlth  ..........               H - ring of protection from magic
                                N - ring of protection from magic

@: regenerating, incredibly resistant to hostile enchantments, extremely
unstealthy
A: horns 1
a: Berserk, Trog's Hand, Brothers in Arms, Burn Spellbooks, Renounce Religion


You were on level 1 of the Lair of Beasts.
You worshipped Trog.
Trog was extremely pleased with you.
You were very hungry.

You visited 2 branches of the dungeon, and saw 12 of its levels.

You collected 626 gold pieces.

Inventory:

Hand Weapons
 a - a +1 antimagic battleaxe (weapon)
 l - the +5 lajatang of Offence {freeze, SInv}
   (You found it on level 11 of the Dungeon)

   It has been specially enchanted to freeze those struck by it, causing extra
   injury to most foes and up to half again as much damage against particularly
   susceptible opponents.
   It can also slow down cold-blooded creatures.
   It lets you see invisible.
 z - a +0 shortbow
 G - a +3 vampiric broad axe
Missiles
 e - 217 arrows (quivered)
Armour
 s - a +2 cloak (worn)
 u - a +2 chain mail of poison resistance (worn)
 B - a +2 ring mail of cold resistance
 C - a +2 chain mail of cold resistance
 D - a +2 hat (worn)
 E - a +0 pair of gloves (worn)
 O - the +1 leather armour of the Tundras {+Blink Int+3 Stlth+, unknown}
   (You found it on level 8 of the Dungeon)

   It affects your intelligence (+3).
   It lets you blink.
   It makes you more stealthy.
Jewellery
 m - a cursed ring of loudness {unknown}
 y - an uncursed ring of resist corrosion
 H - a ring of protection from magic (right hand)
 N - a ring of protection from magic (left hand)
Wands
 t - a wand of paralysis (19/24)
Scrolls
 b - a scroll of summoning {unknown}
 f - 3 scrolls of teleportation
 i - a scroll of blinking
 j - 2 scrolls of recharging
 p - 4 scrolls of fog
 w - 3 scrolls of enchant weapon {unknown}
 x - a scroll of holy word {unknown}
 K - a scroll of remove curse
 M - 2 scrolls of enchant armour {unknown}
 P - 2 scrolls of magic mapping {unknown}
Potions
 h - 7 potions of curing
 k - 4 potions of brilliance
 n - 2 potions of ambrosia
 o - a potion of resistance {unknown}
 q - 2 potions of haste
 r - 2 potions of magic
 v - a potion of cancellation
 A - a potion of might
 I - a potion of flight
 L - 3 potions of heal wounds
Comestibles
 c - 3 bread rations
 d - 2 beef jerkies
 g - 16 meat rations
 F - 10 fruits


   Skills:
 + Level 10.6 Fighting
 * Level 14.6 Axes
 * Level 3.6 Bows
 + Level 9.3 Armour
 + Level 7.2 Dodging


You had 10 spell levels left.
You didn't know any spells.

Dungeon Overview and Level Annotations

Branches:
Dungeon (11/15)            Temple (0/1) D:7            Lair (1/8) D:11
    Orc (0/2) D:10

Altars:
Ashenzari
Cheibriados
Dithmenos
Elyvilon
Fedhas
Kikubaaqudgha
Nemelex Xobeh
Okawaru
Sif Muna
Trog
Vehumet
Xom


Innate Abilities, Weirdness & Mutations

You have a pair of small horns on your head.


Message History

The blink frog's magic leaks into the air.
The blink frog is almost dead.
The blink frog hits you.
* * * LOW HITPOINT WARNING * * *
Your chain mail prevents you from hitting the blink frog.
Your headbutt misses the blink frog.
The blink frog is severely wounded.
You miss the blink frog.
The blink frog is almost dead.
The blink frog hits you but does no damage.
The blink frog hits you.
* * * LOW HITPOINT WARNING * * *
The blink frog falters for a moment.
The blink frog barely misses you.
You slash the blink frog!
You kill the blink frog!
Trog accepts your kill.
You barely miss the blink frog.
The blink frog is almost dead.
The blink frog hits you!
You die...

#...# ..##
##...##...#
#.......#
##..<....#
##....†.>.##
#....†††...##
.##...........##
#........F.....##
..........@.....#
................##
.................##
..........(.......#
$.......(...†.....#
.......(...(......#
...)..............#
#.................#
#...............#..


You could see a blink frog.

Vanquished Creatures
  Gastronok (D:9)
  The ghost of wemp the Thaumaturge, a novice SpEn of Vehumet (D:8)
  A hill giant (D:10)
  2 ugly things (D:11)
  A deep elf mage (D:11)
  Maurice (D:9)
  2 gargoyles (D:11)
  A spiny frog (Lair:1)
  4 blink frogs (Lair:1)
  Sigmund (D:3)
  A wraith (D:11)
  A basilisk (Lair:1)
  Grum (D:9)
  A mottled dragon (D:11)
  A water moccasin (D:11)
  4 orc warriors
  4 sky beasts
  2 ice beasts (D:9)
  A necrophage (D:6)
  An eye of draining (D:9)
  2 phantoms
  4 ogres
  5 centaurs
  3 wolves (D:9)
  A big kobold (D:9)
  8 giant frogs
  A water moccasin skeleton (D:4)
  A scorpion (D:9)
  5 killer bees (D:11)
  13 wights
  A howler monkey (D:3)
  A jelly (D:11)
  A crimson imp (D:9)
  2 centaur zombies
  A gnoll shaman (D:7)
  6 orc priests
  A giant frog skeleton (D:5)
  3 hounds
  4 centaur skeletons
  Natasha (thrice) (D:3)
  2 iguanas
  13 worker ants
  5 orc wizards
  2 howler monkey zombies
  11 gnolls
  17 adders
  6 river rats (Lair:1)
  4 adder skeletons
  An adder zombie (D:9)
  2 worms
  3 dart slugs
  5 giant geckos
  43 orcs
  2 ball pythons
  9 giant cockroaches
  18 goblins
  13 hobgoblins
  13 jackals
  14 kobolds
  4 quokkas
  11 bats
  3 giant newts
  2 quokka zombies
  9 rats
  A plant (D:11)
311 creatures vanquished.

Vanquished Creatures (collateral kills)
  The ghost of daning the Slasher, a novice HESk (D:7)
1 creature vanquished.

Grand Total: 312 creatures vanquished

Notes
Turn   | Place    | Note
--------------------------------------------------------------
     0 | D:1      | nikopol the Hill Orc Berserker began the quest for the Orb.
     0 | D:1      | Reached XP level 1. HP: 19/19 MP: 1/1
   118 | D:1      | Reached XP level 2. HP: 27/27 MP: 2/2
   541 | D:1      | Reached XP level 3. HP: 24/33 MP: 3/3
   569 | D:1      | Reached ** piety under Trog
  1121 | D:2      | Reached XP level 4. HP: 40/40 MP: 4/4
  1151 | D:2      | Found a shimmering altar of Xom.
  1296 | D:2      | Found a radiant altar of Vehumet.
  1587 | D:2      | Reached skill level 5 in Axes
  1590 | D:2      | Found a shimmering altar of Xom.
  1920 | D:2      | Reached XP level 5. HP: 46/47 MP: 5/5
  2087 | D:3      | Reached *** piety under Trog
  2129 | D:3      | Noticed Natasha
  2150 | D:3      | Killed Natasha
  2370 | D:3      | Found an iron altar of Okawaru.
  2444 | D:3      | Noticed Natasha
  2458 | D:3      | Killed Natasha
  2484 | D:3      | Noticed Natasha
  2488 | D:3      | Killed Natasha
  2489 | D:3      | Reached XP level 6. HP: 21/53 MP: 6/6
  2708 | D:3      | Noticed Sigmund
  2721 | D:3      | Killed Sigmund
  2721 | D:3      | Reached skill level 5 in Fighting
  2721 | D:3      | Reached skill level 6 in Axes
  2816 | D:3      | Found a bloodstained altar of Trog.
  2961 | D:3      | Reached XP level 7. HP: 61/61 MP: 7/7
  2966 | D:3      | Reached **** piety under Trog
  3735 | D:4      | Reached skill level 5 in Armour
  4112 | D:4      | Reached skill level 7 in Axes
  4300 | D:5      | Entered Level 5 of the Dungeon
  4325 | D:5      | Found a radiant altar of Vehumet.
  4359 | D:5      | Reached XP level 8. HP: 56/70 MP: 8/8
  4918 | D:5      | Found a deep blue altar of Sif Muna.
  5412 | D:6      | Reached skill level 8 in Axes
  5634 | D:6      | Found a shattered altar of Ashenzari.
  5648 | D:6      | Found a white marble altar of Elyvilon.
  5716 | D:6      | Found a snail-covered altar of Cheibriados.
  5719 | D:6      | Found a shadowy altar of Dithmenos.
  5890 | D:6      | Reached ***** piety under Trog
  6159 | D:6      | Found a bloodstained altar of Trog.
  6290 | D:7      | Reached skill level 9 in Axes
  6512 | D:7      | Found a staircase to the Ecumenical Temple.
  6794 | D:7      | Reached XP level 9. HP: 79/79 MP: 9/9
  7687 | D:7      | Noticed daning's ghost (novice HESk)
  7726 | D:7      | Killed daning's ghost
  7726 | D:7      | Reached skill level 10 in Axes
  7726 | D:7      | Reached skill level 5 in Dodging
  7987 | D:8      | Noticed wemp's ghost (novice SpEn)
  8010 | D:8      | Killed wemp's ghost
  8252 | D:8      | Reached skill level 11 in Axes
  8481 | D:8      | Received a gift from Trog
  8553 | D:8      | Got a heavily runed leather armour
  8737 | D:8      | Gained mutation: You have a pair of small horns on your head. [potion of beneficial mutation]
  8866 | D:8      | Reached XP level 10. HP: 90/90 MP: 3/10
  8951 | D:8      | Found a sparkling altar of Nemelex Xobeh.
  9250 | D:9      | Noticed Gastronok
  9261 | D:9      | Killed Gastronok
  9261 | D:9      | Reached skill level 12 in Axes
  9512 | D:9      | Noticed Grum
  9524 | D:9      | Killed Grum
  9670 | D:9      | Noticed Maurice
  9682 | D:9      | Killed Maurice
  9722 | D:9      | Found a blossoming altar of Fedhas.
  9725 | D:9      | Found an ancient bone altar of Kikubaaqudgha.
 10022 | D:9      | Reached skill level 13 in Axes
 10034 | D:9      | Reached XP level 11. HP: 85/99 MP: 3/11
 10547 | D:10     | Entered Level 10 of the Dungeon
 10922 | D:10     | Found a staircase to the Orcish Mines.
 10927 | D:10     | Noticed a hill giant
 10938 | D:10     | Killed a hill giant
 10938 | D:10     | Reached skill level 10 in Fighting
 11383 | D:11     | Reached skill level 1 in Bows
 11513 | D:11     | Noticed a red ugly thing
 11528 | D:11     | Killed a red ugly thing
 11528 | D:11     | Reached skill level 14 in Axes
 11833 | D:11     | Noticed a deep elf mage
 11843 | D:11     | Killed a deep elf mage
 12132 | D:11     | Noticed a purple ugly thing
 12155 | D:11     | Killed a purple ugly thing
 12277 | D:11     | Found a staircase to the Lair.
 12493 | D:11     | Received a gift from Trog
 12970 | D:11     | Got a scorched lajatang
 12994 | D:11     | Identified the +5 lajatang of Offence {freeze, SInv} (You found it on level 11 of the Dungeon)
 12999 | Lair:1   | Entered Level 1 of the Lair of Beasts
 13077 | Lair:1   | HP: 3/101 [blink frog (11)]
 13079 | Lair:1   | HP: 1/101 [blink frog (5)]
 13084 | Lair:1   | HP: 1/101 [blink frog (3)]
 13086 | Lair:1   | Mangled by a blink frog

Skill      XL: |  1  2  3  4  5  6  7  8  9 10 11 |
---------------+----------------------------------+-----
Dodging        | 2 3 4 5 6 7 |  7.2
Fighting       | 4 5 6 7 8 9 10 | 10.6
Armour         | 3 4 5 6 7 8 9 |  9.3
Axes           | 5 6 7 9 11 13 14 | 14.6
Bows           | 3 |  3.6

Action                   |  1- 3 |  4- 6 |  7- 9 | 10-12 || total
-------------------------+-------+-------+-------+-------++-------
Melee: Hand axe          |   129 |   236 |   649 |       ||  1014
       Battleaxe         |       |       |    54 |   287 ||   341
       Headbutt          |       |       |     2 |    58 ||    60
 Fire: Shortbow          |       |       |       |    82 ||    82
Invok: Berserk           |     1 |     2 |     7 |     1 ||    11
       Brothers in Arms  |       |       |     1 |       ||     1
       Burn Spellbooks   |       |       |       |     2 ||     2
       Trog's Hand       |       |       |       |     1 ||     1
Evoke: Wand              |       |       |     1 |       ||     1
  Use: Scroll            |       |       |    22 |     1 ||    23
       Potion            |       |       |     1 |     1 ||     2
 Stab: Distracted        |       |     1 |       |       ||     1
  Eat: Chunk             |       |     9 |    25 |    10 ||    44
       Beef jerky        |       |     1 |     1 |       ||     2
       Pizza             |       |       |       |     1 ||     1
       Royal jelly       |       |       |       |     1 ||     1
Armor: Ring mail         |    58 |    89 |    13 |       ||   160
       Chain mail        |       |       |   292 |   165 ||   457
Dodge: Dodged            |    68 |   138 |   260 |   164 ||   630
